 Dungeon Crawl Stone Soup version 0.19-b1-4-gd8a0a2a (webtiles) character file.

501 Inkary the Chopper (level 6, 0/44 HPs)
             Began as a Demonspawn Gladiator on Oct 30, 2016.
             Slain by a gnoll
             ... wielding a +0 club
              (3 damage)
             ... on level 4 of the Dungeon.
             The game lasted 00:03:59 (2746 turns).

Inkary the Chopper (Demonspawn Gladiator)           Turns: 2746, Time: 00:04:01

Health: 0/44       AC:  6    Str: 17    XL:     6   Next: 95%
Magic:  0/6        EV: 14    Int:  9    God:
Gold:   162        SH:  0    Dex: 14    Spells: 0 memorised, 5 levels left

rFire  . . .     SeeInvis .     a - +0 war axe
rCold  . . .     Gourm    .     n - +0 scale mail
rNeg   . . .     Faith    .     (no shield)
rPois  .         Spirit   +     (helmet restricted)
rElec  .         Reflect  .     (no cloak)
rCorr  .         Harm     .     (no gloves)
MR     .....                    (no boots)
Stlth  ..........               (no amulet)
                                (no ring)
                                (no ring)

@: repel missiles
A: antennae 1, repulsion field 3, magic shield
a: no special abilities


You were on level 4 of the Dungeon.
You were not hungry.

You visited 1 branch of the dungeon, and saw 4 of its levels.

You collected 162 gold pieces.

Inventory:

Hand Weapons
 a - a +0 war axe (weapon)
Missiles
 d - 3 throwing nets (quivered)
Armour
 n - a +0 scale mail (worn)
Jewellery
 b - an uncursed ring of see invisible {unknown}
Wands
 c - a wand of iceblast (3/15)
 i - a wand of digging (13/24)
Scrolls
 e - 2 scrolls of remove curse
 h - a scroll of noise {unknown}
 j - a scroll of enchant armour {unknown}
 k - a scroll of recharging {unknown}
 l - 4 scrolls of identify
 o - a scroll of teleportation {unknown}
Potions
 m - a potion of might
 q - a potion of curing
Comestibles
 f - a bread ration
 g - 2 meat rations
 p - a slice of pizza
 r - 5 chunks of flesh


   Skills:
 + Level 2.2 Fighting
 + Level 7.2 Axes
 - Level 1.7 Throwing
 - Level 2.6 Dodging


You had 5 spell levels left.
You didn't know any spells.

Dungeon Overview and Level Annotations

Branches:
Dungeon (4/15)
 Temple: D:4-7

Altars:
Ashenzari


Innate Abilities, Weirdness & Mutations

You have a pair of small antennae on your head.
You are surrounded by a strong repulsion field. (EV +4, RMsl)
When hurt, damage is shared between your health and your magic reserves.


Message History

The gnoll is severely wounded.
The gnoll hits you but does no damage.
You closely miss the gnoll.
The gnoll is severely wounded.
The gnoll closely misses you.
You slash the gnoll!
You kill the gnoll!
You barely miss the gnoll. The gnoll closely misses you.
Your scale mail prevents you from hitting the gnoll.
The gnoll hits you with a club.
* * * LOW HITPOINT WARNING * * *
You barely miss the gnoll. The gnoll closely misses you.
You hit the gnoll but do no damage. The gnoll closely misses you.
You slash the gnoll!
The gnoll is severely wounded.
The gnoll misses you.
You barely miss the gnoll.
The gnoll is severely wounded.
The gnoll hits you with a club.
You die...

######.# #.......#
#####...##.###.......#
........†............#
.####...##†###.#..# .#
######.# #..###### .#
#.# #........ .# ..#
#.####### .# ### #g#
.# #@# .# #)# .# #.#
#.# .# #.# #.# .# #.#
#.# ## #.# #.# #.# #.#
#.# #.# #.# #.#


You could see a gnoll.

Vanquished Creatures
  The ghost of Sagrath01 the Cudgeler, an amateur OgSk (D:3)
  A hungry ghost (D:3)
  An orc priest (D:3)
  An iguana (D:4)
  An orc wizard (D:3)
  4 adders
  3 gnolls (D:4)
  2 worms
  A dart slug (D:1)
  2 leopard geckos
  An orc (D:3)
  2 ball pythons (D:3)
  2 giant cockroaches
  9 goblins
  8 hobgoblins
  8 jackals
  2 quokkas (D:2)
  3 bats
  3 frilled lizards
  5 kobolds
  9 rats
69 creatures vanquished.

Notes
Turn   | Place    | Note
-------+----------+-------------------------------------------
     0 | D:1      | Inkary the Demonspawn Gladiator began the quest for the Orb.
     0 | D:1      | Reached XP level 1. HP: 16/16 MP: 1/1
    13 | D:1      | Reached skill level 3 in Axes
   247 | D:1      | Gained mutation: You are surrounded by a mild repulsion field. (EV +2) [demonic ancestry]
   247 | D:1      | Reached XP level 2. HP: 13/22 MP: 2/2
   649 | D:1      | Gained mutation: You are surrounded by a moderate repulsion field. (EV +3) [demonic ancestry]
   649 | D:1      | Reached XP level 3. HP: 26/27 MP: 3/3
   973 | D:2      | Found a shattered altar of Ashenzari.
  1116 | D:2      | Reached skill level 4 in Axes
  1441 | D:3      | Gained mutation: You have a pair of small antennae on your head. [demonic ancestry]
  1441 | D:3      | Reached XP level 4. HP: 31/33 MP: 4/4
  1671 | D:3      | Reached skill level 5 in Axes
  1688 | D:3      | Noticed Sagrath01's ghost (amateur OgSk)
  1703 | D:3      | Killed Sagrath01's ghost
  1703 | D:3      | Reached skill level 6 in Axes
  1703 | D:3      | Gained mutation: When hurt, damage is shared between your health and your magic reserves. [demonic ancestry]
  1703 | D:3      | Reached XP level 5. HP: 4/38 MP: 5/5
  1987 | D:3      | Gained mutation: You are surrounded by a strong repulsion field. (EV +4, RMsl) [demonic ancestry]
  1987 | D:3      | Reached XP level 6. HP: 33/44 MP: 4/6
  2216 | D:3      | Noticed a hungry ghost
  2243 | D:3      | Killed a hungry ghost
  2557 | D:4      | Reached skill level 7 in Axes
  2746 | D:4      | Slain by a gnoll

Skill      XL: |  1  2  3  4  5  6 |
---------------+-------------------+-----
Axes           | 3 4 6 7 |  7.2
Fighting       | |  2.2
Throwing       | |  1.7
Dodging        | |  2.6

Action                   |  1- 3 |  4- 6 || total
-------------------------+-------+-------++-------
Melee: War axe           |   110 |   133 ||   243
  Use: Potion            |       |     3 ||     3
       Scroll            |       |     2 ||     2
  Eat: Chunk             |     2 |     5 ||     7
       Bread ration      |       |     1 ||     1
Armor: Leather armour    |    18 |       ||    18
       Scale mail        |    21 |    42 ||    63
Dodge: Dodged            |   101 |   103 ||   204
